 Dungeon Crawl Stone Soup version 0.28.0-53-g5a82cb258f (webtiles) character file.

Game seed: 10909447433431389912

52 hawla the Magician (level 3, 0/19 HPs)
             Began as a Deep Elf Venom Mage on Aug 3, 2022.
             Killed from afar by Natasha (7 damage)
             ... with a magic dart
             ... on level 2 of the Dungeon.
             The game lasted 00:03:14 (2295 turns).

hawla the Magician (Deep Elf Venom Mage)            Turns: 2295, Time: 00:03:14

Health: 0/19       AC:  2    Str: 11    XL:     3   Next: 60%
Magic:  1/10       EV: 12    Int: 21    God:
Gold:   72         SH:  0    Dex: 15    Spells: 7/10 levels left

rFire   . . .      SeeInvis .   (no weapon)
rCold   . . .      Faith    .   (no shield)
rNeg    . . .      Spirit   .   a - +0 robe
rPois   .          Reflect  .   (no helmet)
rElec   .          Harm     .   (no cloak)
rCorr   .          Rampage  .   (no gloves)
Will    .....                   (no boots)
Stlth   ++........              (no amulet)
HPRegen 0.06/turn               f - +6 ring of strength
MPRegen 0.12/turn               g - ring of flight

@: flying
A: no striking features
a: no special abilities


You were on level 2 of the Dungeon.
You visited 1 branch of the dungeon, and saw 2 of its levels.

You collected 72 gold pieces.

Inventory:

Armour
 a - a +0 robe (worn)
Jewellery
 f - a +6 ring of strength (left hand)
 g - a ring of flight (right hand)
Scrolls
 b - a scroll of amnesia {unknown}
 e - 2 scrolls of identify {unknown}
 i - a scroll of noise {unknown}
Potions
 c - a potion of curing {unknown}
 d - a potion of degeneration {unknown}
 h - a potion of heal wounds {unknown}


   Skills:
 + Level 2.5 Dodging
 + Level 2.6 Stealth
 + Level 4.0 Spellcasting
 + Level 1.9 Transmutations
 + Level 0.6 Air Magic
 + Level 3.9 Poison Magic


You had 7 spell levels left.
You knew the following spells:

 Your Spells              Type           Power      Damage    Failure   Level
a - Sting                 Tmut/Pois      64%        1d6       3%          1
b - Poisonous Vapours     Pois/Air       26%        N/A       7%          2

Your spell library contained the following spells:

 Spells                   Type           Power      Damage    Failure   Level
 Mephitic Cloud           Conj/Pois/Air  10%        N/A       19%         3
 Olgreb's Toxic Radiance  Pois           20%        N/A       24%         4


Dungeon Overview and Level Annotations

Branches:
Dungeon (2/15)

Altars:
Hepliaklqana

Annotations:
D:2 Natasha


Message History

Natasha mumbles some strange words.
Casting: Poisonous Vapours (safe; 7% risk of failure)
Confirm with . or Enter, or press ? or * to list all spells.
Aiming: Poisonous Vapours (safe; 7% risk of failure)
Press: ? - help, Dir - move target, f/p - Natasha
Aim: Natasha (lightly wounded, poisoned) Poisonous vapours surround Natasha!
Natasha looks even sicker.
Casting: Poisonous Vapours (safe; 7% risk of failure)
Confirm with . or Enter, or press ? or * to list all spells.
Aiming: Poisonous Vapours (safe; 7% risk of failure)
Press: ? - help, Dir - move target, f/p - Natasha
Aim: Natasha (lightly wounded, very poisoned) Poisonous vapours surround Natasha!
Natasha looks even sicker.
Casting: Poisonous Vapours (safe; 7% risk of failure)
Confirm with . or Enter, or press ? or * to list all spells.
Aiming: Poisonous Vapours (safe; 7% risk of failure)
Press: ? - help, Dir - move target, f/p - Natasha
Aim: Natasha (lightly wounded, very poisoned) Poisonous vapours surround Natasha!
Natasha looks as sick as possible!
Casting: Poisonous Vapours (safe; 7% risk of failure)
Confirm with . or Enter, or press ? or * to list all spells.
Aiming: Poisonous Vapours (safe; 7% risk of failure)
Press: ? - help, Dir - move target, f/p - Natasha
Aim: Natasha (moderately wounded, extremely poisoned) Poisonous vapours surround Natasha!
Natasha looks as sick as possible!
Casting: Poisonous Vapours (safe; 7% risk of failure)
Confirm with . or Enter, or press ? or * to list all spells.
You don't have enough magic to cast this spell.
Natasha stares at you and mumbles some strange words.
The magic dart hits you.
The white imp grins evilly.
Natasha mumbles some strange words.
Natasha casts a spell at you. The magic dart hits you!
Casting: Poisonous Vapours (safe; 7% risk of failure)
Confirm with . or Enter, or press ? or * to list all spells.
You can't see any susceptible monsters within range! (Use Z to cast anyway.) Natasha casts a spell at you.
The magic dart hits you!
You die...

.....####.........##.## ##..
.....# ##....)..###.#########..#
.....# #.........##.............
.....# #.........######......###
.....####.........###....########
###...................######.....
######.....................####
##........############# #
##.......@..h5.5.....
########..........##########
##..........#####..##
..........#.........#
...###....########..##
..###>.#### #...### ..##..#######
###...# ..##........### #.#.####
.##########...## #.#....#######


You could see Natasha (very poisoned), a crimson imp (summoned) and a white imp
(summoned).

Vanquished Creatures
  2 adders (D:2)
  2 worms (D:2)
  A dart slug (D:2)
  A ball python (D:2)
  5 endoplasms
  4 goblins
  2 hobgoblins
  3 kobolds
  A quokka (D:2)
  2 bats (D:2)
  A frilled lizard (D:2)
  A rat (D:1)
25 creatures vanquished.

Notes
Turn   | Place    | Note
-------+----------+-------------------------------------------
     0 | D:1      | hawla the Deep Elf Venom Mage began the quest for the Orb.
     0 | D:1      | Reached XP level 1. HP: 10/10 MP: 6/6
   754 | D:1      | Reached XP level 2. HP: 15/15 MP: 2/8
   757 | D:1      | Learned a level 2 spell: Poisonous Vapours
  1465 | D:2      | Reached XP level 3. HP: 19/19 MP: 3/10
  1588 | D:2      | Reached skill level 4 in Spellcasting
  1971 | D:2      | Found a hazy altar of Hepliaklqana.
  2003 | D:2      | Found a faded altar of an unknown god.
  2284 | D:2      | Noticed Natasha
  2295 | D:2      | Killed from afar by Natasha

Illustrated notes

Levels and vault maps discovered:
D:1:      roderic_lyre, layout_basic, kennysheep_small_spiral
D:2:      layout_rooms, basic_altar, chequers_ecumenical_altar_grove,
          uniq_natasha

Skill      XL: |  1  2  3 |
---------------+----------+-----
Spellcasting   | 4 |  4.0
Dodging        | |  2.5
Stealth        | |  2.6
Transmutations | |  1.9
Air Magic      | |  0.6
Poison Magic   | |  3.9

Action                   || total
-------------------------++-------
Melee: Unarmed           ||     4
 Cast: Sting             ||    36
       Poisonous Vapours ||    30
Armor: Robe              ||     2
Dodge: Dodged            ||    22
